 Dungeon Sprint DCSS version 0.32-a0-834-geaf45d8e21 (webtiles) character file.

Game seed: 9334941584118879783

918 rocky1 the Severer (level 11, -4/123 HPs)
             Began as a Mountain Dwarf Fighter on Mar 26, 2024.
             Was an Initiate of Gozag.
             Slain by a black mamba (12 damage)
             ... in the Dungeon (Sprint VI: "Thunderdome").
             The game lasted 00:11:00 (1592 turns).

rocky1 the Severer (Mountain Dwarf Fighter)         Turns: 1592, Time: 00:11:00

Health: -4/123     AC: 19    Str: 21    XL:     11   Next: 12%
Magic:  11/11      EV:  3    Int: 13    God:    Gozag
Gold:   1468       SH:  4    Dex: 13    Spells: 10/10 levels left

rFire   + + +        l - +0 broad axe
rCold   + + +        c - +0 buckler
rNeg    . . .        m - +0 gold dragon scales
rPois   +            (no helmet)
rElec   +            (no cloak)
rCorr   +            (no gloves)
SInv    +            (no boots)
Will    +....        s - amulet "Pagetoxt" {Fly rF+ rC+ Regen+ Dex+2} Stlth
                     r - ring "Wocsapun" {rElec rC+}
HPRegen 1.20/turn    D - ring "Daeg" {rCorr Int+4 Slay+2 SInv}
MPRegen 0.12/turn

%: no teleportation
@: lethally poisoned (-4 -> -8), resistant, flying, hasted and slowed
A: runic magic, artefact enchanting
}: 1/15 runes: decaying
a: Renounce Religion, Potion Petition, Call Merchant, Bribe Branch


You were in the Dungeon.
You worshipped Gozag.
Gozag was most pleased with you.
You visited 1 branch You collected 5553 gold pieces.
You spent 3279 gold pieces at shops.
You paid 806 gold pieces to Gozag.

Inventory:

Hand Weapons
 a - a +0 war axe
 l - a +0 broad axe (weapon)
Armour
 b - a +0 scale mail
 c - a +0 buckler (worn)
 m - +0 gold dragon scales (worn)
 F - the +1 cloak of Liuge {-Cast rElec rN+++}
   (You bought it in a shop in the Dungeon)

   rElec:     It insulates you from electricity.
   rN+++:     It renders you almost immune to negative energy.
   -Cast:     It prevents spellcasting.
 G - the +1 helmet "Qicialas" {^Contam Harm Dex+2}
   (You bought it in a shop in the Dungeon)

   Dex+2:     It affects your dexterity (+2).
   ^Contam:   It causes magical contamination when unequipped.
   Harm:      It increases damage dealt and taken.
Jewellery
 o - the amulet "Umauffes" {Acrobat Str+4}
   (You bought it in a shop in the Dungeon)

   [amulet of the acrobat]

   Acrobat:   It increases your evasion while moving and waiting.
   Str+4:     It affects your strength (+4).
 p - the ring "Oxke Wokk" {Fire rCorr Str+2 Dex-2 Stlth+}
   (You bought it in a shop in the Dungeon)

   [ring of fire]

   Fire:      It enhances your fire magic.
   Str+2:     It affects your strength (+2).
   Dex-2:     It affects your dexterity (-2).
   rF+:       It protects you from fire.
   rC-:       It makes you vulnerable to cold.
   rCorr:     It protects you from acid and corrosion.
   Stlth+:    It makes you more stealthy.
 q - the ring of Wakengah {^Contam rElec Int+6 Dex+2 Stlth+}
   (You bought it in a shop in the Dungeon)

   [ring of intelligence]

   Int+6:     It affects your intelligence (+6).
   Dex+2:     It affects your dexterity (+2).
   rElec:     It insulates you from electricity.
   ^Contam:   It causes magical contamination when unequipped.
   Stlth+:    It makes you more stealthy.
 r - the ring "Wocsapun" (left hand) {rElec rC+}
   (You bought it in a shop in the Dungeon)

   [ring of protection from cold]

   rC+:       It protects you from cold.
   rElec:     It insulates you from electricity.
 s - the amulet "Pagetoxt" (around neck) {Fly rF+ rC+ Regen+ Dex+2}
   (You bought it in a shop in the Dungeon)

   [amulet of regeneration]

   Dex+2:     It affects your dexterity (+2).
   rF+:       It protects you from fire.
   rC+:       It protects you from cold.
   Fly:       It grants you flight.
   Regen+:    It increases your rate of health regeneration.
 t - the amulet of Jammanaj {rPois Will+ RegenMP+ Str-3}
   (You bought it in a shop in the Dungeon)

   [amulet of magic regeneration]

   It increases your rate of magic regeneration.
   Str-3:     It affects your strength (-3).
   rPois:     It protects you from poison.
   Will+:     It increases your willpower.
   RegenMP+:  It increases your rate of magic regeneration.
 u - the amulet of Unugrevu {RegenMP+ MP+9 Dex+3}
   (You bought it in a shop in the Dungeon)

   [amulet of magic regeneration]

   It increases your rate of magic regeneration.
   Dex+3:     It affects your dexterity (+3).
   MP+9:      It affects your magic capacity (+9).
   RegenMP+:  It increases your rate of magic regeneration.
 v - the ring "Akyxal" {Wiz Int+3}
   (You bought it in a shop in the Dungeon)

   [ring of wizardry]

   Wiz:       It improves your spell success rate.
   Int+3:     It affects your intelligence (+3).
 w - the ring of Dyraubid {EV+5 Int+3}
   (You bought it in a shop in the Dungeon)

   [ring of evasion]

   EV+5:      It affects your evasion (+5).
   Int+3:     It affects your intelligence (+3).
 x - the ring "Keuqeh" {Ice rN+ rCorr Int+3 Stlth+}
   (You bought it in a shop in the Dungeon)

   [ring of ice]

   Ice:       It enhances your ice magic.
   Int+3:     It affects your intelligence (+3).
   rF-:       It makes you vulnerable to fire.
   rC+:       It protects you from cold.
   rN+:       It protects you from negative energy.
   rCorr:     It protects you from acid and corrosion.
   Stlth+:    It makes you more stealthy.
 y - the ring of Kentod {rN+ Str+6 Int+3}
   (You bought it in a shop in the Dungeon)

   [ring of strength]

   Str+6:     It affects your strength (+6).
   Int+3:     It affects your intelligence (+3).
   rN+:       It protects you from negative energy.
 z - the ring of Juutonop {rF+ rN+ rCorr}
   (You bought it in a shop in the Dungeon)

   [ring of protection from fire]

   rF+:       It protects you from fire.
   rN+:       It protects you from negative energy.
   rCorr:     It protects you from acid and corrosion.
 A - the ring "Xupurr" {rC+ MP-9 Int+2 Dex+3 Stlth+}
   (You bought it in a shop in the Dungeon)

   [ring of protection from cold]

   Int+2:     It affects your intelligence (+2).
   Dex+3:     It affects your dexterity (+3).
   rC+:       It protects you from cold.
   MP-9:      It affects your magic capacity (-9).
   Stlth+:    It makes you more stealthy.
 B - the ring of Jilips {rF+ rC++ Will- Int+4 Dex+6}
   (You bought it in a shop in the Dungeon)

   [ring of dexterity]

   Int+4:     It affects your intelligence (+4).
   Dex+6:     It affects your dexterity (+6).
   rF+:       It protects you from fire.
   rC++:      It greatly protects you from cold.
   Will-:     It decreases your willpower.
 C - the ring of Henn {rElec rF+ rN+ Int+6}
   (You bought it in a shop in the Dungeon)

   [ring of intelligence]

   Int+6:     It affects your intelligence (+6).
   rF+:       It protects you from fire.
   rElec:     It insulates you from electricity.
   rN+:       It protects you from negative energy.
 D - the ring "Daeg" (right hand) {rCorr Int+4 Slay+2 SInv}
   (You bought it in a shop in the Dungeon)

   [ring of see invisible]

   Int+4:     It affects your intelligence (+4).
   Slay+2:    It affects your accuracy & damage with ranged weapons and melee
   (+2).
   SInv:      It lets you see invisible.
   rCorr:     It protects you from acid and corrosion.
 E - the ring "Emyec" {rPois Dex+2}
   (You bought it in a shop in the Dungeon)

   [ring of poison resistance]

   Dex+2:     It affects your dexterity (+2).
   rPois:     It protects you from poison.
Scrolls
 i - a scroll of brand weapon
 j - 7 scrolls of blinking
 n - 3 scrolls of fog
Potions
 d - a potion of might
 g - 3 potions of haste
 h - 2 potions of magic
 k - a potion of resistance


   Skills:
 + Level 19.3 Fighting
 - Level 19.6 Axes
 - Level 14.0 Armour
 - Level 3.2 Shields


You had 10 spell levels left.
You didn't know any spells.
Your spell library was empty.

Dungeon Overview and Level Annotations

Branches:
Dungeon (1/1)

Altars:
Cheibriados
Dithmenos
Fedhas
Gozag
Kikubaaqudgha
Makhleb
Okawaru
Qazlal
Ru
Sif Muna
Trog
Uskayaw
Vehumet
Wu Jian
Xom
Yredelemnul
Zin
The Shining One
Beogh
Lugonu

Shops:
D [=??*?*:[((!!!!


Innate Abilities, Weirdness & Mutations

Your spellcasting is much less encumbered by armour.
You can use scrolls of enchantment on lesser artefacts.


Message History

The black mamba bites you but does no damage.
You block the black mamba's attack.
Okay, then. [a] - 806 gold - curing, magic, haste and resistance [b] - 378 gold - resistance and might [c] - 232 gold - might and brilliance Purchase which effect?
You feel better. Magic courses through your body.
You feel yourself speed up.
You feel protected. The black mamba bites you!
* * * LOW HITPOINT WARNING * * *
You are poisoned.
You have difficulty breathing.
* * * LOW HITPOINT WARNING * * *
You feel yourself slow down.
The black mamba bites you but does no damage.
The naga spits poison at you.
The splash of poison hits you but does no damage.
You are lethally poisoned!
You resist.
The black mamba bites you but does no damage.
The black mamba bites you!
* * * LOW HITPOINT WARNING * * *
You block the black mamba's attack.
You feel better.
The black mamba bites you but does no damage. x3
The naga hits you from afar with a +0 glaive!
* * * LOW HITPOINT WARNING * * *
Unknown command.
You feel much better. The black mamba bites you.
* * * LOW HITPOINT WARNING * * *
You are poisoned.
The black mamba poisons you! You block the black mamba's attack.
The black mamba bites you!
* * * LOW HITPOINT WARNING * * *
You block the black mamba's attack. The black mamba bites you!
* * * LOW HITPOINT WARNING * * *
The black mamba bites you!
You die...
Your body crumbles into a pile of gold.

##### ##⌠⌠⌠## #.....#
##.....## ##∩N.)..∩##
#∩$......∩# #_@$....._#
#SSS....._# #_..)...._#
###.........###
#⌠N.....[..).⌠#
######.ß...).....ß.######
##∩.__......###.......__∩##
###∩........ß.# #.ß...(....∩#
##.............###(...........


You could see 3 black mambas, a naga mage and a naga.

Vanquished Creatures
  A mummy priest (D)
  A ghost crab (D)
  An alligator (D)
  An anaconda (D)
  A harpy (D)
  2 lightning spires (D)
  A manticore (D)
  A faun (D)
  A black mamba (D)
  A merfolk siren (D)
  A water nymph (D)
  3 guardian mummies (D)
  2 merfolk (D)
  A tyrant leech (D)
  An air elemental (D)
  Sigmund (D)
  A steam dragon (D)
  10 sky beasts (D)
  Terence (D)
  6 mummies (D)
  2 ribbon worms (D)
  3 hobgoblins (D)
  6 kobolds (D)
  A quokka (D)
  3 goblins (D)
53 creatures vanquished.

Vanquished Creatures (others)
  A spriggan druid (D)
1 creature vanquished.

Grand Total: 54 creatures vanquished

Notes
Turn   | Place    | Note
-------+----------+-------------------------------------------
     0 | D        | rocky1 the Mountain Dwarf Fighter began the quest for the
                  | Orb.
     0 | D        | Reached XP level 1. HP: 19/19 MP: 1/1
     3 | D        | Found a roughly hewn altar of Beogh.
     3 | D        | Found an iron altar of Okawaru.
     4 | D        | Found a blossoming altar of Fedhas.
     5 | D        | Found a bloodstained altar of Trog.
     5 | D        | Round 1.
     6 | D        | Found Tionnon's Timeless Talismans.
     6 | D        | Found an opulent altar of Gozag.
     6 | D        | Found a sacrificial altar of Ru.
     6 | D        | Found Rawu's Identification Station.
     7 | D        | Found Larapn's Jewellery.
     7 | D        | Found Dougoc's Advanced Armour.
     9 | D        | Found a shadowy altar of Dithmenos.
    13 | D        | Became a worshipper of Gozag Ym Sagoz the Greedy
    30 | D        | Noticed Terence
    32 | D        | Killed Terence
    33 | D        | Reached XP level 2. HP: 26/26 MP: 2/2
    71 | D        | Reached XP level 3. HP: 20/31 MP: 3/3
   119 | D        | Found an ornate altar of the Wu Jian Council.
   121 | D        | Found Urataget's Premium Goods.
   123 | D        | Found a glowing silver altar of Zin.
   123 | D        | Found an ancient bone altar of Kikubaaqudgha.
   123 | D        | Found a glowing golden altar of the Shining One.
   123 | D        | Found Sefiat's Weapon Rack.
   125 | D        | Found Tapsa's Miscellaneous Merchandise.
   125 | D        | Found Qudasse's Basic Armour.
   129 | D        | Found a radiant altar of Vehumet.
   130 | D        | Found a shimmering altar of Xom.
   131 | D        | Found a hide-covered altar of Uskayaw.
   134 | D        | Found Geitadgh's Do-It-Yourself Clinic.
   135 | D        | Found a snail-covered altar of Cheibriados.
   135 | D        | Found a corrupted altar of Lugonu.
   135 | D        | Found Zefeo's Distillery.
   136 | D        | Found Niath's Bottled Wisdom.
   136 | D        | Found Amealamp's Distillery.
   141 | D        | Found a stormy altar of Qazlal.
   142 | D        | Found a basalt altar of Yredelemnul.
   143 | D        | Found a shimmering blue altar of Sif Muna.
   145 | D        | Found Suxzawyps's Staff Store.
   145 | D        | Noticed Sigmund
   147 | D        | Found Boel Kai's Must-Have Magic.
   147 | D        | Found Laorep's Magic Scroll Shop.
   150 | D        | Found a burning altar of Makhleb.
   150 | D        | Found Yfylueroap's Magic Scroll Shop.
   154 | D        | Killed Sigmund
   155 | D        | Reached XP level 4. HP: 19/38 MP: 4/4
   155 | D        | Reached XP level 5. HP: 22/45 MP: 5/5
   158 | D        | Arena points: 12 (+12) [x2]
   201 | D        | Round 2.
   338 | D        | Arena points: 54 (+42) [x3]
   369 | D        | Bought a crude ruby amulet for 45 gold pieces
   369 | D        | Identified the amulet "Umauffes" {Acrobat Str+4} (You
                  | bought it in a shop in the Dungeon)
   369 | D        | Bought an ancient bronze ring for 45 gold pieces
   369 | D        | Identified the ring "Oxke Wokk" {Fire rCorr Str+2 Dex-2
                  | Stlth+} (You bought it in a shop in the Dungeon)
   369 | D        | Bought a brightly glowing platinum ring for 45 gold pieces
   369 | D        | Identified the ring of Wakengah {^Contam rElec Int+6 Dex+2
                  | Stlth+} (You bought it in a shop in the Dungeon)
   369 | D        | Bought a clouded pewter ring for 45 gold pieces
   369 | D        | Identified the ring "Wocsapun" {rElec rC+} (You bought it
                  | in a shop in the Dungeon)
   369 | D        | Bought a bound zirconium amulet for 45 gold pieces
   369 | D        | Identified the amulet "Pagetoxt" {Fly rF+ rC+ Regen+ Dex+2}
                  | (You bought it in a shop in the Dungeon)
   369 | D        | Bought a shimmering steel amulet for 45 gold pieces
   369 | D        | Identified the amulet of Jammanaj {rPois Will+ RegenMP+
                  | Str-3} (You bought it in a shop in the Dungeon)
   369 | D        | Bought a pitted graven amulet for 45 gold pieces
   369 | D        | Identified the amulet of Unugrevu {RegenMP+ MP+9 Dex+3}
                  | (You bought it in a shop in the Dungeon)
   369 | D        | Bought a clouded amber ring for 45 gold pieces
   369 | D        | Identified the ring "Akyxal" {Wiz Int+3} (You bought it in
                  | a shop in the Dungeon)
   375 | D        | Bought a shimmering platinum ring for 45 gold pieces
   375 | D        | Identified the ring of Dyraubid {EV+5 Int+3} (You bought it
                  | in a shop in the Dungeon)
   375 | D        | Bought a faintly glowing golden ring for 45 gold pieces
   375 | D        | Identified the ring "Keuqeh" {Ice rN+ rCorr Int+3 Stlth+}
                  | (You bought it in a shop in the Dungeon)
   375 | D        | Bought a smoking golden ring for 45 gold pieces
   375 | D        | Identified the ring of Kentod {rN+ Str+6 Int+3} (You bought
                  | it in a shop in the Dungeon)
   375 | D        | Bought a smoking granite ring for 45 gold pieces
   375 | D        | Identified the ring of Juutonop {rF+ rN+ rCorr} (You bought
                  | it in a shop in the Dungeon)
   375 | D        | Bought a crude brass ring for 45 gold pieces
   375 | D        | Identified the ring "Xupurr" {rC+ MP-9 Int+2 Dex+3 Stlth+}
                  | (You bought it in a shop in the Dungeon)
   375 | D        | Bought a slimy steel ring for 45 gold pieces
   375 | D        | Identified the ring of Jilips {rF+ rC++ Will- Int+4 Dex+6}
                  | (You bought it in a shop in the Dungeon)
   375 | D        | Bought a fine brass ring for 45 gold pieces
   375 | D        | Identified the ring of Henn {rElec rF+ rN+ Int+6} (You
                  | bought it in a shop in the Dungeon)
   375 | D        | Bought a shimmering bronze ring for 45 gold pieces
   375 | D        | Identified the ring "Daeg" {rCorr Int+4 Slay+2 SInv} (You
                  | bought it in a shop in the Dungeon)
   375 | D        | Bought a coiled pewter ring for 45 gold pieces
   375 | D        | Identified the ring "Emyec" {rPois Dex+2} (You bought it in
                  | a shop in the Dungeon)
   395 | D        | Round 3.
   556 | D        | Arena points: 138 (+84) [x4]
   592 | D        | Round 4.
   605 | D        | Noticed a sky beast
   608 | D        | Noticed a steam dragon
   619 | D        | Killed a sky beast
   621 | D        | Killed a steam dragon
   621 | D        | Noticed a sky beast
   622 | D        | Reached XP level 6. HP: 43/51 MP: 6/6
   634 | D        | Killed a sky beast
   648 | D        | Noticed a lightning spire
   661 | D        | Killed a lightning spire
   662 | D        | Reached XP level 7. HP: 27/57 MP: 7/7
   688 | D        | Arena points: 278 (+140) [x5]
   689 | D        | Reached XP level 8. HP: 54/70 MP: 8/8
   743 | D        | Bought +0 gold dragon scales for 960 gold pieces
   747 | D        | Round 5.
   785 | D        | Noticed a spriggan druid
   787 | D        | Noticed a ghost crab
   790 | D        | Noticed a tyrant leech
   790 | D        | Killed a spriggan druid
   801 | D        | Killed a ghost crab
   802 | D        | Reached skill level 10 in Fighting
   802 | D        | Reached XP level 9. HP: 86/86 MP: 9/9
   804 | D        | Killed a tyrant leech
   825 | D        | Noticed a bog body
   826 | D        | Noticed the 27-headed Lernaean hydra
   830 | D        | Noticed an alligator
   831 | D        | Noticed a tyrant leech
   839 | D        | Killed an alligator
   859 | D        | Bought a scroll of brand weapon for 95 gold pieces
   859 | D        | Bought 5 scrolls of blinking for 375 gold pieces
   859 | D        | Bought 4 scrolls of blinking for 300 gold pieces
   885 | D        | Arena points: 303 (+25) [x1]
   886 | D        | Got a decaying rune of Zot
  1081 | D        | Round 6.
  1081 | D        | Noticed a merfolk
  1093 | D        | Killed a merfolk
  1119 | D        | Noticed a water nymph
  1125 | D        | Killed a water nymph
  1129 | D        | Noticed a manticore
  1143 | D        | Killed a manticore
  1185 | D        | Noticed a merfolk siren
  1200 | D        | Killed a merfolk siren
  1201 | D        | Reached XP level 10. HP: 102/102 MP: 10/10
  1213 | D        | Bought a +0 broad axe for 120 gold pieces
  1222 | D        | Noticed a faun
  1230 | D        | Noticed a harpy
  1243 | D        | Killed a harpy
  1244 | D        | Killed a faun
  1244 | D        | Arena points: 399 (+96) [x2]
  1291 | D        | Round 7.
  1305 | D        | Bought an encrusted cloak for 332 gold pieces
  1305 | D        | Identified the +1 cloak of Liuge {-Cast rElec rN+++} (You
                  | bought it in a shop in the Dungeon)
  1305 | D        | Bought a buzzing helmet for 332 gold pieces
  1305 | D        | Identified the +1 helmet "Qicialas" {^Contam Harm Dex+2}
                  | (You bought it in a shop in the Dungeon)
  1344 | D        | Reached skill level 15 in Fighting
  1355 | D        | Noticed a mummy priest
  1369 | D        | Noticed a flayed ghost
  1375 | D        | Noticed a sixfirhy
  1375 | D        | Killed a mummy priest
  1454 | D        | Arena points: 630 (+231) [x3]
  1478 | D        | Round 8.
  1479 | D        | Noticed a lightning spire
  1489 | D        | Killed a lightning spire
  1508 | D        | Paralysed by an air elemental for 1 turns
  1513 | D        | Paralysed by an air elemental for 1 turns
  1541 | D        | Arena points: 918 (+288) [x4]
  1542 | D        | Reached XP level 11. HP: 110/121 MP: 11/11
  1564 | D        | Round 9.
  1566 | D        | Noticed an anaconda
  1585 | D        | Killed an anaconda
  1590 | D        | HP: 6/123 [black mamba (13)]
  1592 | D        | Slain by a black mamba

Illustrated notes

Levels and vault maps discovered:
D:        arena_sprint

Skill      XL: |  1  2  3  4  5  6  7  8  9 10 11 |
---------------+----------------------------------+-----
Axes           | 7 13 16 19 | 19.6
Fighting       | 6 10 13 18 19 | 19.3
Armour         | 9 12 14 | 14.0
Shields        | |  3.2

Action                     |  1- 3 |  4- 6 |  7- 9 | 10-12 || total
---------------------------+-------+-------+-------+-------++-------
  Melee: War axe           |    14 |    41 |    67 |    30 ||   152
         Broad axe         |       |       |       |    84 ||    84
 Invoke: Potion Petition   |       |       |       |     1 ||     1
  Evoke: Wand              |     5 |     9 |     5 |       ||    19
    Use: Potion            |       |       |     2 |     5 ||     7
         Scroll            |       |       |     6 |       ||     6
   Stab: Distracted        |       |       |     1 |       ||     1
 Armour: Scale mail        |    12 |    29 |     7 |       ||    48
         Gold dragon scale |       |       |    61 |   156 ||   217
  Dodge: Dodged            |     4 |     8 |     4 |     8 ||    24
  Block: Buckler           |       |     3 |    10 |    32 ||    45

Table legend: (Time is in decaauts)
 A = Elapsed time spent in this place.
 B = Non-inter-level travel time spent in this place.
 C = Inter-level travel time spent in this place.
 D = Time resting spent in this place.
 E = Time spent auto-exploring this place.
 F = Levels seen in this place.
 G = Mean time per level.
                   A        B        C        D        E       F      G
               +--------+--------+--------+--------+--------+-----+--------+
         Total |   1560 |   1557 |      3 |    576 |      0 |   1 | 1560.0 |
       Dungeon |   1560 |   1557 |      3 |    576 |      0 |   1 | 1560.0 |
               +--------+--------+--------+--------+--------+-----+--------+

Top non-repeatable levels by time:
       D: 1560 daAuts
